AoeStats
← LemurChef278

Oasis

509942292Analyzed
2v2 RM · 4d ago on Sep 28, 2026· 53m 40s· 4 players
Game mode
Random Map
Map size
Medium (4 player)
Population
200
Speed
Normal
Resources
Standard
Victory
Conquest
Starting age
Dark Age
Ending age
Imperial Age
RankedLock teamsTeams togetherTeam positionsShared explorationLock speedFull tech treeHidden civsTurbo modeCheats
Victory
Defeat
🇫🇷 Huns · France
993
+15
🇧🇦 Vikings · Bosnia & Herzegovina
991
+15
🇩🇪 Vietnamese · Germany
970
-15
🇩🇪 Magyars · Germany
969
-15
Soulman
4:53 Loom
5:18 Loom
11:22 Feudal Age
15:55 Castle Age
15:31 Double-Bit Axe
15:41 Horse Collar
17:12 Scale Barding Armor
18:11 Gold Mining
22:59 Gold Shaft Mining
24:58 Stone Mining
26:59 Corvinian Army
30:35 Chain Barding Armor
32:53 Fletching
34:17 Heavy Plow
34:20 Bodkin Arrow
34:43 Bow Saw
35:27 Wheelbarrow
34:38 Loom
36:19 Town Watch
42:15 Imperial Age
40:02 Hand Cart
39:48 Town Patrol
42:27 Man-at-Arms
43:21 Bloodlines
43:11 Husbandry
43:53 Plate Barding Armor
43:38 Long Swordsman
44:48 Conscription
45:11 Parthian Tactics
44:15 Heavy Cavalry Archer
45:03 Thumb Ring
47:11 Crossbowman
LemurChef278
4:19 Loom
7:54 Loom
10:12 Feudal Age
13:46 Forging
13:43 Double-Bit Axe
13:41 Horse Collar
18:06 Fletching
20:00 Padded Archer Armor
20:16 Town Watch
26:36 Castle Age
26:47 Crossbowman
27:45 Thumb Ring
28:08 Bodkin Arrow
31:58 Forging
31:49 Scale Mail Armor
33:43 Town Patrol
36:07 Bow Saw
36:21 Light Cavalry
37:37 Heavy Plow
39:22 Wheelbarrow
43:32 Imperial Age
42:02 Man-at-Arms
42:43 Long Swordsman
43:50 Two-Handed Swordsman
45:20 Iron Casting
45:35 Chain Mail Armor
48:07 Plate Mail Armor
48:55 Bracer
52:27 Ballistics
52:39 Pikeman
LeParpaing
12:35 Feudal Age
11:16 Loom
19:42 Castle Age
19:48 Double-Bit Axe
19:45 Horse Collar
36:35 Wheelbarrow
39:33 Stone Mining
43:28 Hand Cart
44:22 Bow Saw
44:28 Pikeman
48:48 Forging
48:44 Scale Barding Armor
50:19 Iron Casting
51:49 Chain Barding Armor
51:21 Gold Mining
Koksal Jr.
3:01 Loom
9:33 Feudal Age
10:00 Double-Bit Axe
9:58 Horse Collar
20:01 Castle Age
19:16 Scale Mail Armor
19:26 Forging
19:11 Town Watch
19:19 Gold Mining
19:35 Stone Mining
21:35 Bow Saw
22:21 Heavy Plow
23:16 Chain Mail Armor
24:02 Fletching
25:47 Bodkin Arrow
32:18 Imperial Age
31:19 Squires
31:01 Pikeman
33:17 Chieftains
33:59 Plate Mail Armor
34:38 Iron Casting
37:08 Elite Varangian Guard
37:34 Arson
40:06 Blast Furnace
44:35 Bracer
44:36 Padded Archer Armor
47:58 Conscription
48:20 Man-at-Arms
48:54 Long Swordsman
49:51 Two-Handed Swordsman
51:24 Champion
Connection lost

Rejoining the realm…

Still unreachable

The connection could not be restored.

Session expired

The server has moved on; the page needs a fresh start.